 Dungeon Crawl Stone Soup version 0.28.0-53-g5a82cb258f (webtiles) character file.

Game seed: 17344292511378544664

989 DocClef the Shield-Bearer (level 8, -1/67 HPs)
             Began as a Gnoll Fighter on June 28, 2022.
             Was an Initiate of Hepliaklqana.
             Slain by an ogre
             ... wielding a +0 giant club
              (3 damage)
             ... on level 6 of the Dungeon.
             The game lasted 00:05:28 (5297 turns).

DocClef the Shield-Bearer (Gnoll Fighter)           Turns: 5297, Time: 00:05:28

Health: -1/67      AC: 10    Str: 17    XL:     8   Next: 18%
Magic:  12/12      EV: 10    Int:  8    God:    Hepliaklqana [......]
Gold:   188        SH:  5    Dex: 12    Spells: 13/13 levels left

rFire   . . .      SeeInvis .   p - +1 rapier (venom)
rCold   . . .      Faith    .   c - +0 buckler
rNeg    . . .      Spirit   .   b - +0 scale mail
rPois   .          Reflect  .   v - +0 helmet
rElec   .          Harm     .   (no cloak)
rCorr   .          Rampage  .   (no gloves)
Will    .....                   k - +0 pair of boots
Stlth   +.........              (no amulet)
HPRegen 0.21/turn               (no ring)
MPRegen 0.13/turn               (no ring)

@: no status effects
A: fangs 1, strong nose, distributed training
a: Renounce Religion


You were on level 6 of the Dungeon.
You worshipped Hepliaklqana.
Hepliaklqana was noncommittal.
You visited 1 branch of the dungeon, and saw 7 of its levels.

You collected 188 gold pieces.

Inventory:

Hand Weapons
 a - a +0 flail
 p - a +1 rapier of venom (weapon)
Armour
 b - a +0 scale mail (worn)
 c - a +0 buckler (worn)
 k - a +0 pair of boots (worn)
 v - a +0 helmet (worn)
Jewellery
 u - an amulet of the acrobat
Wands
 x - a wand of iceblast (10)
Scrolls
 e - a scroll of summoning {unknown}
 g - a scroll of enchant weapon {unknown}
 j - a scroll of vulnerability {unknown}
 o - 5 scrolls of teleportation {unknown}
 q - 2 scrolls of amnesia {unknown}
 r - 2 scrolls of enchant armour {unknown}
 t - a scroll of fog {unknown}
 y - 3 scrolls of immolation {unknown}
Potions
 d - a potion of might
 f - a potion of mutation
 i - 2 potions of curing
 l - a potion of lignification
 m - a potion of brilliance {unknown}
 n - a potion of magic {unknown}
 s - 2 potions of ambrosia {unknown}
 w - a potion of invisibility {unknown}


   Skills:
 + Level 7.2 Fighting
 + Level 3.0 Short Blades
 + Level 3.0 Long Blades
 + Level 3.0 Axes
 + Level 5.5 Maces & Flails
 + Level 3.0 Polearms
 + Level 3.0 Staves
 + Level 3.0 Slings
 + Level 3.0 Bows
 + Level 3.0 Crossbows
 + Level 3.0 Throwing
 + Level 7.2 Armour
 + Level 3.0 Dodging
 + Level 3.0 Stealth
 + Level 7.2 Shields
 + Level 3.0 Unarmed Combat
 + Level 3.0 Spellcasting
 + Level 2.4 Conjurations
 + Level 2.4 Hexes
 + Level 2.4 Summonings
 + Level 2.4 Necromancy
 + Level 2.4 Translocations
 + Level 2.4 Transmutations
 + Level 2.4 Fire Magic
 + Level 2.4 Ice Magic
 + Level 2.4 Air Magic
 + Level 2.4 Earth Magic
 + Level 2.4 Poison Magic
 + Level 3.3 Invocations
 + Level 3.0 Evocations


You had 13 spell levels left.
You didn't know any spells.
Your spell library contained the following spells:

 Spells                   Type           Power      Damage    Failure   Level
 Sandblast                Erth           10%        2d5       41%         1
 Summon Small Mammal      Summ           20%        N/A       41%         1
 Passwall                 Tmut/Erth      4%         N/A       54%         2
 Call Canine Familiar     Summ           5%         N/A       78%         3
 Stone Arrow              Conj/Erth      10%        3d7       78%         3
 Summon Guardian Golem    Hex/Summ       5%         N/A       78%         3


Dungeon Overview and Level Annotations

Branches:
Dungeon (7/15)
 Temple: D:4-7

Altars:
Hepliaklqana
Vehumet

Shops:
D:4 *


Innate Abilities, Weirdness & Mutations

You have very sharp teeth.
Your uncanny sense of smell can sniff out nearby items.
Your experience applies equally to all skills.


Message History

You puncture Menkaure!
You destroy Menkaure!
Your Short Blades skill increases to level 3!
Your Long Blades skill increases to level 3!
Your Axes skill increases to level 3!
Your Polearms skill increases to level 3!
Your Staves skill increases to level 3!
Your Slings skill increases to level 3!
Your Bows skill increases to level 3!
Your Crossbows skill increases to level 3!
Your Throwing skill increases to level 3!
Your Dodging skill increases to level 3!
Your Stealth skill increases to level 3!
Your Unarmed Combat skill increases to level 3!
Your Spellcasting skill increases to level 3!
Your Evocations skill increases to level 3!
You feel better. The ogre closely misses you.
You barely miss the ogre.
The ogre hits you with a +0 giant club!!
* * * LOW HITPOINT WARNING * * *
Unknown command.
Found a leather armour.
Found a stone staircase leading down.
There is a stone staircase leading down here.
You climb downwards.
There is a stone staircase leading up here.
You start resting.
A wyvern zombie comes into view.
You climb upwards.
You hear the sound of rushing water.
There is an entrance to a sewer on this level.
Hurry and find it before the portal rusts away!
You hear the slow rusting of a drain very nearby.
You block the ogre's attack.
There is a stone staircase leading down here.
You hit the ogre but do no damage.
The ogre is poisoned.
The ogre hits you with a +0 giant club!!
* * * LOW HITPOINT WARNING * * *
You hit the ogre.
The ogre looks as sick as possible!
The ogre is lightly wounded.
The ogre hits you with a +0 giant club.
You die...

.#****,,,,,,,,,,,,,,≈,,,**,* .#
*******#..**,,*******,*
.######## #...,,** *,*
........# #..#*** *,*
.#****#.#####..#**********,***
.######.........,,,,,,,,,,,,,**
........#***#..#*******,****,,*
.######.## #..###### *,,* **,*
.........# #...@O..#***+****,*
!.[####..#####.####.+,,,,,,,+,*
..).# #........# ***,≈,,,≈,*,*
...##*#..####### *,≈,_,≈,*,*
........[# ***,≈,,,≈,*,*
#.######.#*********,+∆,,,,,,+,*
*,* #..,,,,,,,,,,****+******
,,* #.#*********,,,,,,* ,** #.#
********


You could see an ogre (extremely poisoned).

Vanquished Creatures
  Menkaure (D:6)
  A water moccasin (D:6)
  A black bear (D:6)
  An ice beast (D:6)
  An ogre (D:4)
  A centaur zombie (D:6)
  3 orc priests
  2 iguanas
  4 orc wizards
  4 gnolls
  4 adders
  A shadow imp (D:5)
  An ufetubus (D:4)
  An adder skeleton (D:4)
  3 worms
  4 dart slugs
  19 orcs
  7 ball pythons
  6 bats
  8 endoplasms
  4 giant cockroaches
  12 goblins
  6 hobgoblins
  6 jackals
  5 kobolds
  4 quokkas
  4 frilled lizards
  7 rats
121 creatures vanquished.

Vanquished Creatures (others)
  5 plants (D:4)
5 creatures vanquished.

Grand Total: 126 creatures vanquished

Notes
Turn   | Place    | Note
-------+----------+-------------------------------------------
     0 | D:1      | DocClef the Gnoll Fighter began the quest for the Orb.
     0 | D:1      | Reached XP level 1. HP: 23/23 MP: 1/1
   156 | D:1      | Reached XP level 2. HP: 26/29 MP: 2/2
   396 | D:1      | Reached XP level 3. HP: 16/35 MP: 3/3
   664 | D:1      | Reached skill level 1 in Invocations
  1192 | D:2      | Reached skill level 1 in Short Blades
  1192 | D:2      | Reached skill level 1 in Long Blades
  1192 | D:2      | Reached skill level 1 in Axes
  1192 | D:2      | Reached skill level 1 in Polearms
  1192 | D:2      | Reached skill level 1 in Staves
  1192 | D:2      | Reached skill level 1 in Slings
  1192 | D:2      | Reached skill level 1 in Bows
  1192 | D:2      | Reached skill level 1 in Crossbows
  1192 | D:2      | Reached skill level 1 in Throwing
  1192 | D:2      | Reached skill level 1 in Dodging
  1192 | D:2      | Reached skill level 1 in Stealth
  1192 | D:2      | Reached skill level 1 in Unarmed Combat
  1192 | D:2      | Reached skill level 1 in Spellcasting
  1192 | D:2      | Reached skill level 1 in Evocations
  1375 | D:2      | Reached XP level 4. HP: 41/41 MP: 5/5
  1841 | D:2      | Reached skill level 1 in Conjurations
  1841 | D:2      | Reached skill level 1 in Hexes
  1841 | D:2      | Reached skill level 1 in Summonings
  1841 | D:2      | Reached skill level 1 in Necromancy
  1841 | D:2      | Reached skill level 1 in Translocations
  1841 | D:2      | Reached skill level 1 in Transmutations
  1841 | D:2      | Reached skill level 1 in Fire Magic
  1841 | D:2      | Reached skill level 1 in Ice Magic
  1841 | D:2      | Reached skill level 1 in Air Magic
  1841 | D:2      | Reached skill level 1 in Earth Magic
  1841 | D:2      | Reached skill level 1 in Poison Magic
  2229 | D:3      | Reached XP level 5. HP: 38/47 MP: 5/7
  2749 | D:3      | You fall into a shaft and drop 2 floors!
  2749 | D:5      | Entered Level 5 of the Dungeon
  2765 | D:5      | Reached XP level 6. HP: 20/53 MP: 8/8
  3124 | D:5      | Reached skill level 5 in Maces & Flails
  3718 | D:4      | Found Ebubrem's Elemental Accessories.
  4019 | D:4      | Found a hazy altar of Hepliaklqana.
  4269 | D:4      | Reached XP level 7. HP: 30/59 MP: 10/10
  4469 | D:4      | Became a worshipper of Hepliaklqana the Forgotten
  5146 | D:6      | Found a radiant altar of Vehumet.
  5166 | D:6      | Reached XP level 8. HP: 63/67 MP: 12/12
  5182 | D:6      | Noticed Menkaure
  5196 | D:6      | Killed Menkaure
  5198 | D:6      | HP: 2/67 [ogre/+0 giant club (21)]
  5296 | D:6      | HP: 2/67 [ogre/+0 giant club (21)]
  5297 | D:6      | Slain by an ogre

Illustrated notes

Levels and vault maps discovered:
D:1:      dpeg_arrival_rooms_b, layout_basic, grunt_decor_clamped,
          minmay_misc_feat_chi, minivault_26
D:2:      layout_loops_cross, minmay_small_reverse_x
D:3:      layout_loops_cross
D:4:      layout_loops_ring, nicolae_hepliaklqana_hazy_memory,
          nicolae_elemental_shop
D:5:      layout_loops_ring, serial_park_tiny_pond
D:6:      layout_loops_ring, mainiacjoe_overflow_six_doors_small,
          jmf_multi_god_temple, old_standard_altar,
          cheibrodos_sewer_entry_sluice, uniq_menkaure
D:7:      layout_basic, minmay_temple_entry_statues, gammafunk_ghost_grave,
          hangedman_decor_opposing

Skill      XL: |  1  2  3  4  5  6  7  8 |
---------------+-------------------------+-----
Invocations    | 1 2 3 |  3.3
Short Blades   | 1 2 3 |  3.0
Long Blades    | 1 2 3 |  3.0
Axes           | 1 2 3 |  3.0
Polearms       | 1 2 3 |  3.0
Staves         | 1 2 3 |  3.0
Slings         | 1 2 3 |  3.0
Bows           | 1 2 3 |  3.0
Crossbows      | 1 2 3 |  3.0
Throwing       | 1 2 3 |  3.0
Dodging        | 1 2 3 |  3.0
Stealth        | 1 2 3 |  3.0
Unarmed Combat | 1 2 3 |  3.0
Spellcasting   | 1 2 3 |  3.0
Evocations     | 1 2 3 |  3.0
Conjurations   | 1 2 |  2.4
Hexes          | 1 2 |  2.4
Summonings     | 1 2 |  2.4
Necromancy     | 1 2 |  2.4
Translocations | 1 2 |  2.4
Transmutations | 1 2 |  2.4
Fire Magic     | 1 2 |  2.4
Ice Magic      | 1 2 |  2.4
Air Magic      | 1 2 |  2.4
Earth Magic    | 1 2 |  2.4
Poison Magic   | 1 2 |  2.4
Maces & Flails | 5 |  5.5
Fighting       | 7 |  7.2
Armour         | 7 |  7.2
Shields        | 7 |  7.2

Action                   |  1- 3 |  4- 6 |  7- 9 || total
-------------------------+-------+-------+-------++-------
Melee: Flail             |    90 |    38 |       ||   128
       Bite              |    10 |    21 |     6 ||    37
       Rapier            |       |   197 |    51 ||   248
  Use: Scroll            |       |       |     7 ||     7
       Potion            |       |       |     1 ||     1
Armor: Scale mail        |    35 |   157 |    22 ||   214
Dodge: Dodged            |    42 |   112 |    22 ||   176
Block: Buckler           |    22 |    64 |    20 ||   106
